 Dungeon Crawl Stone Soup version 0.21.1-1-g345015f (webtiles) character file.

3235 gyp21 the Magician (level 9, -11/69 HPs)
             Began as a Mummy Fire Elementalist on Feb 7, 2018.
             Was an Initiate of Ashenzari.
             Mangled by a two-headed ogre
             ... wielding a +0 giant spiked club
              (21 damage)
             ... on level 8 of the Dungeon on Feb 8, 2018.
             The game lasted 00:33:21 (11339 turns).

gyp21 the Magician (Mummy Fire Elementalist)       Turns: 11339, Time: 00:33:23

Health: -11/69     AC:  6    Str: 11    XL:     9   Next: 66%
Magic:  1/20       EV: 14    Int: 21    God:    Ashenzari [......]
Gold:   453        SH:  0    Dex: 13    Spells: 12/23 levels left

rFire    x . .     SeeInvis +   g - +0 hunting sling
rCold    + . .     Gourm    .   (no shield)
rNeg     + + +     Faith    .   a - +0 robe
rPois    ∞         Spirit   .   p - +1 helmet
rElec    .         Reflect  .   n - +0 cloak
rCorr    .         Harm     .   s - +0 pair of gloves
MR       +....                  (no boots)
Stlth    ++........             (no amulet)
HPRegen  0.21/turn              d - +4 ring of intelligence
MPRegen  0.17/turn              w - ring of see invisible

@: very slightly contaminated
A: no food or potions, fire vulnerability, cold resistance 1, negative energy
resistance 3, torment resistance, unbreathing
a: Curse Item, Renounce Religion


You were on level 8 of the Dungeon.
You worshipped Ashenzari.
Ashenzari was noncommittal.
You were not hungry.

You visited 2 branches of the dungeon, and saw 9 of its levels.

You collected 453 gold pieces.

Inventory:

Hand Weapons
 c - a cursed -3 dagger
 g - a +0 hunting sling (weapon)
 t - a cursed -2 flail
 u - a +0 mace of crushing
Missiles
 h - 238 stones (quivered)
 k - 69 sling bullets
Armour
 a - a +0 robe (worn)
 n - a +0 cloak (worn)
 p - a +1 helmet (worn)
 s - a +0 pair of gloves (worn)
Jewellery
 d - a +4 ring of intelligence (left hand)
 e - a +1 ring of evasion
 q - an uncursed amulet of faith
 w - a ring of see invisible (right hand)
Wands
 r - a wand of flame (32)
 z - a wand of iceblast (5)
Scrolls
 f - 3 scrolls of blinking {unknown}
 i - 4 scrolls of amnesia {unknown}
 j - 2 scrolls of remove curse
 l - 6 scrolls of teleportation {unknown}
 m - 3 scrolls of fear {unknown}
 o - 9 scrolls of identify {unknown}
 v - a scroll of magic mapping {unknown}
 x - 3 scrolls of fog {unknown}
 B - a scroll of vulnerability {unknown}
 C - a scroll of enchant weapon {unknown}
 D - a scroll of immolation {unknown}
Books
 b - a book of Flames

   Spells                             Type                      Level
   a - Flame Tongue                   Conjuration/Fire             1
   b - Throw Flame                    Conjuration/Fire             2
   c - Conjure Flame                  Conjuration/Fire             3
   d - Inner Flame                    Hexes/Fire                   3
   e - Sticky Flame                   Conjuration/Fire             4
   f - Fireball                       Conjuration/Fire             5
 y - a book of Cantrips

   Spells                             Type                      Level
   a - Confusing Touch                Hexes                        1
   b - Animate Skeleton               Necromancy                   1
   c - Summon Small Mammal            Summoning                    1
   d - Apportation                    Translocation                1
 A - a book of Misfortune

   Spells                             Type                      Level
   a - Confusing Touch                Hexes                        1
   b - Confuse                        Hexes                        3
   c - Gell's Gravitas                Translocation                3
   d - Petrify                        Transmutation/Earth          4
   e - Metabolic Englaciation         Hexes/Ice                    5
   f - Yara's Violent Unravelling     Hexes/Transmutation          5


   Skills:
 + Level 5.9 Fighting
 + Level 5.2 Dodging
 - Level 1.5 Stealth
 + Level 7.9 Spellcasting
 + Level 5.0 Conjurations
 + Level 5.6 Fire Magic


You had 12 spell levels left.
You knew the following spells:

 Your Spells              Type           Power        Failure   Level  Hunger
a - Flame Tongue          Conj/Fire      ####.        1%          1    N/A
b - Conjure Flame         Conj/Fire      ####....     2%          3    N/A
c - Sticky Flame          Conj/Fire      ####....     9%          4    N/A
d - Confuse               Hex            #.......     24%         3    N/A

Dungeon Overview and Level Annotations

Branches:
Dungeon (8/15)             Temple (1/1) D:7
   Lair: D:8-11

Altars:
Ashenzari
Dithmenos
Elyvilon
Fedhas
Gozag
Hepliaklqana
Kikubaaqudgha
Makhleb
Nemelex Xobeh
Okawaru
Qazlal
Ru
Trog
Uskayaw
Vehumet
Wu Jian
Xom
Zin
The Shining One


Innate Abilities, Weirdness & Mutations

You do not eat or drink.
Your flesh is vulnerable to fire.
You are immune to poison.
Your flesh is cold resistant. (rC+)
You are immune to negative energy. (rN+++)
You are immune to unholy pain and torment.
You can survive without breathing.


Message History

Aim: a two-headed ogre, wielding a giant spiked club and a giant club (heavily wounded, covered in liquid flames, chance to defeat MR: 23%)
The two-headed ogre resists with almost no effort.
The two-headed ogre burns!
The two-headed ogre hits you with a giant spiked club!!
The two-headed ogre closely misses you.
The two-headed ogre burns!
The two-headed ogre burns!
The two-headed ogre stops burning.
Casting: Confuse
Confirm with . or Enter, or press ? or * to list all spells.
Aiming: Sticky Flame
Press: ? - help, Shift-Dir - straight line, f/p - two-headed ogre
Aim: a two-headed ogre, wielding a giant spiked club and a giant club (severely wounded)
The sticky flame hits the two-headed ogre.
The two-headed ogre is severely wounded.
The two-headed ogre is covered in liquid flames!
The two-headed ogre burns!
The two-headed ogre hits you with a giant spiked club!!
* * * LOW HITPOINT WARNING * * *
The two-headed ogre hits you with a giant club!!
You die...

#.##..#.##.....#
#..†<....#.....#
#....##..#.....#
#........#.....#
#...#††..#.....#
#........#.....#
#......()#.....#
#.###(#..#....)#♣..##
#....>(.@O.....<...(..
####.##.#...........##
..................###
.........#.....##.#
.############### .# #


You could see a two-headed ogre (burning).

Vanquished Creatures
  Prince Ribbit (D:5)
  A hippogriff (D:7)
  Sigmund (D:3)
  Duvessa (D:4)
  A hornet zombie (D:6)
  A necrophage (D:6)
  An orc warrior (D:5)
  4 phantoms
  An ogre (D:5)
  A centaur (D:7)
  5 bullfrogs
  Dowan (D:4)
  2 howler monkeys
  2 crimson imps (D:7)
  A bullfrog zombie (D:5)
  A bullfrog skeleton (D:7)
  7 orc priests
  6 hounds
  A jelly (D:7)
  9 orc wizards
  7 worker ants
  A howler monkey zombie (D:5)
  2 worker ant zombies
  Robin (D:3)
  15 adders
  4 gnolls (D:3)
  A shadow imp (D:7)
  An ooze (D:1)
  3 worms
  4 dart slugs
  3 leopard geckos
  30 orcs
  2 ball pythons
  3 giant cockroaches
  15 goblins
  12 hobgoblins
  15 jackals
  4 quokkas (D:6)
  10 bats
  A frilled lizard (D:2)
  6 kobolds
  A leopard gecko zombie (D:6)
  12 rats
201 creatures vanquished.

Vanquished Creatures (others)
  4 fungi (D:8)
4 creatures vanquished.

Grand Total: 205 creatures vanquished

Notes
Turn   | Place    | Note
-------+----------+-------------------------------------------
     0 | D:1      | gyp21 the Mummy Fire Elementalist began the quest for the Orb.
     0 | D:1      | Reached XP level 1. HP: 13/13 MP: 4/4
   400 | D:1      | Reached skill level 1 in Conjurations
   401 | D:1      | Reached XP level 2. HP: 16/20 MP: 1/5
   727 | D:1      | Reached skill level 3 in Spellcasting
  1467 | D:1      | Reached skill level 1 in Fighting
  1467 | D:1      | Reached XP level 3. HP: 26/26 MP: 5/7
  2206 | D:2      | Noticed a phantom
  2223 | D:2      | Killed a phantom
  2223 | D:2      | Reached XP level 4. HP: 10/33 MP: 2/9
  2394 | D:2      | Reached XP level 5. HP: 16/38 MP: 3/10
  3047 | D:2      | Found a radiant altar of Vehumet.
  3052 | D:2      | Found a shimmering altar of Xom.
  3149 | D:2      | Found a burning altar of Makhleb.
  3154 | D:2      | Reached skill level 4 in Spellcasting
  3400 | D:3      | Noticed Robin
  3531 | D:3      | Killed Robin
  3572 | D:3      | Noticed Sigmund
  3618 | D:3      | Found an ornate altar of the Wu Jian Council.
  3735 | D:3      | Found an opulent altar of Gozag.
  3753 | D:3      | Found a hazy altar of Hepliaklqana.
  3894 | D:3      | Learned a level 3 spell: Conjure Flame
  3899 | D:3      | Learned a level 4 spell: Sticky Flame
  3948 | D:3      | Found a sacrificial altar of Ru.
  3960 | D:3      | Reached XP level 6. HP: 39/44 MP: 6/12
  4624 | D:3      | Killed Sigmund
  5035 | D:3      | Reached XP level 7. HP: 52/52 MP: 11/14
  5268 | D:4      | Reached skill level 5 in Spellcasting
  5989 | D:4      | Found a glowing golden altar of the Shining One.
  6048 | D:4      | Noticed Duvessa
  6050 | D:4      | Noticed Dowan
  6061 | D:4      | Killed Duvessa
  6072 | D:4      | Killed Dowan
  6289 | D:5      | Entered Level 5 of the Dungeon
  6354 | D:5      | Reached XP level 8. HP: 60/60 MP: 12/16
  6804 | D:5      | Reached skill level 6 in Spellcasting
  7042 | D:5      | Noticed a hippogriff
  7119 | D:5      | Learned a level 3 spell: Confuse
  7721 | D:6      | Noticed Prince Ribbit
  7729 | D:5      | Killed Prince Ribbit
  7939 | D:5      | Reached skill level 5 in Fire Magic
  8113 | D:6      | Reached skill level 5 in Fighting
  8196 | D:6      | Reached XP level 9. HP: 68/68 MP: 16/19
  8272 | D:6      | Reached skill level 7 in Spellcasting
  9406 | D:7      | Found a shadowy altar of Dithmenos.
  9698 | D:7      | Found a staircase to the Ecumenical Temple.
  9761 | Temple   | Entered the Ecumenical Temple
  9794 | Temple   | Became a worshipper of Ashenzari the Shackled
  9989 | D:7      | Reached skill level 5 in Dodging
 10777 | D:7      | Found a glowing silver altar of Zin.
 10777 | D:7      | Noticed an angel
 11028 | D:7      | Reached skill level 5 in Conjurations
 11324 | D:8      | Noticed a two-headed ogre
 11339 | D:8      | Mangled by a two-headed ogre

Skill      XL: |  1  2  3  4  5  6  7  8  9 |
---------------+----------------------------+-----
Conjurations   | 1 2 3 4 5 |  5.0
Spellcasting   | 3 4 5 6 7 |  7.9
Fighting       | 1 2 3 5 |  5.9
Dodging        | 2 3 4 5 |  5.2
Fire Magic     | 3 4 5 |  5.6
Stealth        | |  1.5

Action                   |  1- 3 |  4- 6 |  7- 9 || total
-------------------------+-------+-------+-------++-------
Melee: Unarmed           |     9 |       |       ||     9
 Fire: Hunting sling     |    34 |   122 |   250 ||   406
 Cast: Flame Tongue      |    60 |    85 |   276 ||   421
       Sticky Flame      |       |     1 |    16 ||    17
       Confuse           |       |       |     6 ||     6
 Stab: Sleeping          |     1 |       |       ||     1
Armor: Robe              |     9 |    17 |    40 ||    66
Dodge: Dodged            |    45 |    80 |   155 ||   280
